[ AOE2 MATCH · #477759657 ]
UnrankedTeutons vs Spanish
[ REPLAY ANALYSIS · EXTRACTED FROM THE RECORDED GAME ]
Feudal
12:27
Castle
20:17
Imperial
40:01
| APM avg | 15.3 |
| APM peak | 57 |
| eAPM avg | 12.4 |
| Villagers / military | 97 / 255 |
Focus
⚔️ 49.5% · 🌾 50.5%
Cavalry Archer ×139 · Teutonic Knight ×90 · Trade Cart ×16 · Trebuchet (Packed) ×14 · Skirmisher ×9 · Monk ×3
Feudal
13:55
Castle
21:25
Imperial
37:46
| APM avg | 11.0 |
| APM peak | 30 |
| eAPM avg | 9.5 |
| Villagers / military | 90 / 137 |
Focus
⚔️ 38.7% · 🌾 61.3%
Conquistador ×87 · Knight ×20 · Spearman ×13 · Mangonel ×10 · Trebuchet (Packed) ×6 · Trade Cart ×4
Feudal
12:37
Castle
20:03
Imperial
34:58
| APM avg | 17.3 |
| APM peak | 72 |
| eAPM avg | 12.4 |
| Villagers / military | 116 / 195 |
Focus
⚔️ 40.6% · 🌾 59.4%
Knight ×134 · Throwing Axeman ×38 · Trebuchet (Packed) ×7 · Mangonel ×5 · Trade Cart ×5 · Bombard Cannon ×5
Feudal
15:41
Castle
22:08
Imperial
43:43
| APM avg | 11.1 |
| APM peak | 51 |
| eAPM avg | 9.0 |
| Villagers / military | 108 / 249 |
Focus
⚔️ 35.3% · 🌾 64.7%
Spearman ×99 · Skirmisher ×67 · Steppe Lancer ×63 · Unknown (1911) ×31 · Trade Cart ×22 · Iron Pagoda ×9
Match map
Initial resources + every placement click. Lines = walls · curves = elevation contours. ◆ gold · ⬟ stone · ● berries · ✦ relic · ◌ wall gap
Your base· ✓ Closed at 20:17 · 33t walls · no gate
vondeluc73's base· Open — opponent sealed themselves in
peyton off the goop's base· Open — opponent sealed themselves in
pROBLEMO's base· ✓ Closed at 22:08 · 60t walls · 3 gate(s)
Smoothed initial terrain · ◌ = detected wall gap · hover for details
Inputs per minute
— CRN - - vondeluc73
Build order — CRN
First 150 of 536 actions detected
| 0:09 | Build | House |
| 0:10 | Build | House |
| 0:11 | Create | Villager (Male) |
| 0:12 | Create | Villager (Male) |
| 0:12 | Create | Villager (Male) |
| 0:13 | Create | Villager (Male) |
| 1:12 | Research | Loom |
| 1:15 | Create | Villager (Male) |
| 1:45 | Create | Villager (Male) |
| 1:55 | Build | Palisade Wall |
| 2:09 | Create | Villager (Male) |
| 2:57 | Create | Villager (Male) |
| 4:10 | Create | Villager (Male) |
| 4:11 | Create | Villager (Male) |
| 4:11 | Create | Villager (Male) |
| 4:11 | Create | Villager (Male) |
| 4:30 | Create | Villager (Male) |
| 4:51 | Build | Mill |
| 5:26 | Create | Villager (Male) |
| 5:27 | Create | Villager (Male) |
| 5:42 | Create | Villager (Male) |
| 5:54 | Build | House |
| 6:47 | Create | Villager (Male) |
| 6:47 | Create | Villager (Male) |
| 6:48 | Create | Villager (Male) |
| 6:52 | Build | House |
| 7:23 | Build | House |
| 7:58 | Build | Lumber Camp |
| 9:10 | Build | Farm |
| 9:13 | Build | Farm |
| 9:20 | Build | Farm |
| 9:27 | Create | Villager (Male) |
| 9:39 | Create | Villager (Male) |
| 9:50 | Build | Lumber Camp |
| 10:03 | Research | Feudal Age |
| 10:14 | Build | Farm |
| 10:18 | Build | Farm |
| 10:25 | Build | Farm |
| 10:40 | Build | Mining Camp |
| 10:54 | Build | House |
| 10:56 | Build | House |
| 11:30 | Build | Farm |
| 11:33 | Build | Farm |
| 12:04 | Build | House |
| 12:08 | Build | House |
| 12:27 | Age | Feudal Age |
| 12:31 | Research | Horse Collar |
| 12:32 | Research | Double-Bit Axe |
| 12:34 | Create | Villager (Male) |
| 12:34 | Create | Villager (Male) |
| 12:38 | Create | Villager (Male) |
| 12:48 | Build | Farm |
| 13:01 | Build | Farm |
| 13:12 | Build | Stone Wall |
| 13:35 | Research | Wheelbarrow |
| 13:38 | Create | Villager (Male) |
| 13:40 | Create | Villager (Male) |
| 13:59 | Build | Barracks |
| 14:36 | Build | Market |
| 15:26 | Build | Blacksmith |
| 15:39 | Build | Farm |
| 15:56 | Create | Villager (Male) |
| 15:57 | Create | Villager (Male) |
| 16:00 | Build | Farm |
| 16:34 | Build | Farm |
| 16:36 | Create | Villager (Male) |
| 16:37 | Create | Villager (Male) |
| 17:14 | Build | Archery Range |
| 17:18 | Build | Stable |
| 17:37 | Research | Castle Age |
| 17:57 | Build | Mining Camp |
| 18:42 | Research | Gold Mining |
| 18:42 | Research | Stone Mining |
| 18:46 | Research | Scale Mail Armor |
| 19:33 | Build | Lumber Camp |
| 20:17 | Age | Castle Age |
| 20:19 | Build | Town Center |
| 20:21 | Create | Villager (Male) |
| 20:21 | Create | Villager (Male) |
| 20:22 | Create | Villager (Male) |
| 20:22 | Create | Villager (Male) |
| 20:22 | Create | Villager (Male) |
| 20:23 | Create | Villager (Male) |
| 21:03 | Build | Town Center |
| 21:05 | Create | Villager (Male) |
| 21:05 | Create | Villager (Male) |
| 21:05 | Create | Villager (Male) |
| 21:06 | Create | Villager (Male) |
| 21:06 | Create | Villager (Male) |
| 21:06 | Create | Villager (Male) |
| 21:42 | Create | Villager (Male) |
| 21:43 | Create | Villager (Male) |
| 21:50 | Build | Farm |
| 21:54 | Build | Farm |
| 21:59 | Build | Farm |
| 22:01 | Create | Villager (Male) |
| 22:05 | Create | Villager (Male) |
| 22:17 | Build | Farm |
| 22:20 | Build | Farm |
| 22:49 | Research | Bow Saw |
| 23:13 | Create | Villager (Male) |
| 23:13 | Create | Villager (Male) |
| 23:16 | Build | Farm |
| 23:18 | Build | Farm |
| 23:30 | Build | Farm |
| 23:35 | Build | Farm |
| 23:45 | Build | Farm |
| 23:49 | Build | Farm |
| 23:53 | Create | Villager (Male) |
| 23:54 | Create | Villager (Male) |
| 23:54 | Create | Villager (Male) |
| 23:56 | Create | Villager (Male) |
| 23:56 | Create | Villager (Male) |
| 24:07 | Create | Villager (Male) |
| 24:13 | Build | Farm |
| 24:26 | Build | Castle |
| 24:32 | Create | Villager (Male) |
| 24:32 | Create | Villager (Male) |
| 24:34 | Create | Villager (Male) |
| 24:47 | Create | Trade Cart |
| 24:47 | Create | Trade Cart |
| 24:48 | Create | Trade Cart |
| 24:48 | Create | Trade Cart |
| 24:49 | Create | Trade Cart |
| 25:08 | Build | Market |
| 25:27 | Research | Stone Shaft Mining |
| 25:29 | Create | Teutonic Knight |
| 25:29 | Create | Teutonic Knight |
| 25:40 | Create | Trade Cart |
| 25:41 | Create | Trade Cart |
| 25:44 | Create | Villager (Male) |
| 25:45 | Create | Villager (Male) |
| 25:45 | Create | Villager (Male) |
| 25:55 | Create | Villager (Male) |
| 26:01 | Build | Farm |
| 26:03 | Build | Farm |
| 26:08 | Create | Villager (Male) |
| 26:16 | Create | Villager (Male) |
| 26:16 | Create | Villager (Male) |
| 26:28 | Create | Villager (Male) |
| 26:28 | Create | Villager (Male) |
| 26:39 | Build | Mining Camp |
| 26:56 | Build | University |
| 26:58 | Build | Monastery |
| 27:02 | Research | Caravan |
| 27:06 | Create | Trade Cart |
| 27:19 | Create | Teutonic Knight |
| 27:20 | Create | Teutonic Knight |
| 27:26 | Create | Cavalry Archer |
| 27:27 | Create | Cavalry Archer |
Build order — vondeluc73
First 150 of 361 actions detected
| 0:05 | Create | Villager (Male) |
| 0:05 | Create | Villager (Male) |
| 0:05 | Create | Villager (Male) |
| 0:21 | Build | House |
| 0:37 | Create | Villager (Male) |
| 0:37 | Create | Villager (Male) |
| 1:16 | Research | Loom |
| 1:48 | Build | Palisade Wall |
| 2:06 | Build | House |
| 2:39 | Create | Villager (Male) |
| 2:39 | Create | Villager (Male) |
| 2:40 | Create | Villager (Male) |
| 2:55 | Build | Lumber Camp |
| 3:28 | Create | Villager (Male) |
| 3:28 | Create | Villager (Male) |
| 4:30 | Build | Palisade Wall |
| 4:41 | Create | Villager (Male) |
| 4:41 | Create | Villager (Male) |
| 4:41 | Create | Villager (Male) |
| 4:42 | Create | Villager (Male) |
| 5:08 | Create | Villager (Male) |
| 5:08 | Create | Villager (Male) |
| 6:56 | Build | Mill |
| 7:19 | Create | Villager (Male) |
| 7:19 | Create | Villager (Male) |
| 7:19 | Create | Villager (Male) |
| 7:20 | Create | Villager (Male) |
| 8:57 | Build | House |
| 8:58 | Build | House |
| 9:00 | Build | House |
| 9:01 | Build | House |
| 9:02 | Build | House |
| 9:09 | Create | Villager (Male) |
| 9:09 | Create | Villager (Male) |
| 9:10 | Create | Villager (Male) |
| 9:10 | Create | Villager (Male) |
| 9:48 | Build | Mill |
| 11:00 | Create | Villager (Male) |
| 11:45 | Research | Feudal Age |
| 11:45 | Research | Feudal Age |
| 12:01 | Build | Farm |
| 12:02 | Build | Farm |
| 12:04 | Build | Farm |
| 12:05 | Build | Farm |
| 13:06 | Build | Mining Camp |
| 13:30 | Create | Villager (Male) |
| 13:31 | Create | Villager (Male) |
| 13:31 | Create | Villager (Male) |
| 13:32 | Create | Villager (Male) |
| 13:34 | Create | Villager (Male) |
| 13:36 | Create | Villager (Male) |
| 13:38 | Create | Villager (Male) |
| 13:39 | Create | Villager (Male) |
| 13:55 | Age | Feudal Age |
| 14:11 | Build | Market |
| 14:37 | Research | Wheelbarrow |
| 15:15 | Create | Trade Cart |
| 15:15 | Create | Trade Cart |
| 16:05 | Build | Lumber Camp |
| 16:37 | Build | Mining Camp |
| 17:46 | Build | Blacksmith |
| 18:45 | Research | Castle Age |
| 19:33 | Research | Stone Mining |
| 19:33 | Research | Gold Mining |
| 19:38 | Research | Horse Collar |
| 19:46 | Build | Farm |
| 19:47 | Build | Farm |
| 19:49 | Build | Farm |
| 19:51 | Build | Farm |
| 19:57 | Build | Farm |
| 20:00 | Build | Farm |
| 20:45 | Build | Farm |
| 20:56 | Build | Farm |
| 21:03 | Build | Farm |
| 21:25 | Age | Castle Age |
| 21:29 | Create | Villager (Male) |
| 21:29 | Create | Villager (Male) |
| 21:29 | Create | Villager (Male) |
| 21:30 | Create | Villager (Male) |
| 21:30 | Create | Villager (Male) |
| 21:30 | Create | Villager (Male) |
| 21:31 | Create | Villager (Male) |
| 22:20 | Build | Town Center |
| 22:33 | Research | Stone Shaft Mining |
| 23:09 | Build | Mining Camp |
| 24:10 | Research | Hand Cart |
| 24:38 | Build | House |
| 24:46 | Build | House |
| 24:48 | Build | House |
| 24:49 | Build | House |
| 24:51 | Build | House |
| 24:52 | Build | House |
| 24:54 | Build | House |
| 24:57 | Build | House |
| 24:59 | Build | House |
| 25:01 | Build | House |
| 25:03 | Build | House |
| 25:28 | Build | Castle |
| 25:34 | Create | Villager (Male) |
| 25:35 | Create | Villager (Male) |
| 25:35 | Create | Villager (Male) |
| 25:35 | Create | Villager (Male) |
| 25:36 | Create | Villager (Male) |
| 25:36 | Create | Villager (Male) |
| 25:36 | Create | Villager (Male) |
| 26:06 | Create | Villager (Male) |
| 26:06 | Create | Villager (Male) |
| 26:07 | Create | Villager (Male) |
| 26:07 | Create | Villager (Male) |
| 26:40 | Create | Villager (Male) |
| 26:45 | Create | Villager (Male) |
| 26:50 | Create | Villager (Male) |
| 27:31 | Build | University |
| 27:37 | Build | Monastery |
| 27:48 | Create | Conquistador |
| 27:49 | Create | Conquistador |
| 27:49 | Create | Conquistador |
| 28:05 | Create | Villager (Male) |
| 28:06 | Create | Villager (Male) |
| 28:12 | Build | Farm |
| 28:51 | Build | Town Center |
| 29:01 | Build | Farm |
| 29:06 | Create | Monk |
| 29:10 | Create | Conquistador |
| 29:10 | Create | Conquistador |
| 29:10 | Create | Conquistador |
| 29:11 | Create | Conquistador |
| 29:31 | Build | Stone Wall |
| 29:44 | Create | Trade Cart |
| 29:47 | Research | Scale Barding Armor |
| 30:04 | Create | Conquistador |
| 30:05 | Create | Conquistador |
| 30:19 | Create | Villager (Male) |
| 30:20 | Create | Villager (Male) |
| 30:33 | Create | Villager (Male) |
| 30:35 | Create | Villager (Male) |
| 31:03 | Build | Farm |
| 31:12 | Create | Villager (Male) |
| 31:12 | Create | Villager (Male) |
| 31:12 | Create | Villager (Male) |
| 31:13 | Create | Villager (Male) |
| 31:21 | Create | Conquistador |
| 31:21 | Create | Conquistador |
| 31:30 | Build | Farm |
| 31:42 | Build | Watch Tower |
| 31:45 | Build | Watch Tower |
| 31:48 | Build | Watch Tower |
| 31:59 | Build | Gate |
| 32:30 | Build | Mining Camp |
| 33:01 | Create | Villager (Male) |
Build order — peyton off the goop
First 150 of 446 actions detected
| 0:06 | Build | House |
| 0:08 | Build | House |
| 0:29 | Create | Villager (Male) |
| 0:29 | Create | Villager (Male) |
| 0:29 | Create | Villager (Male) |
| 0:29 | Create | Villager (Male) |
| 0:30 | Create | Villager (Male) |
| 2:06 | Create | Villager (Male) |
| 2:06 | Create | Villager (Male) |
| 2:48 | Create | Villager (Male) |
| 2:48 | Create | Villager (Male) |
| 3:07 | Create | Villager (Male) |
| 3:08 | Create | Villager (Male) |
| 3:08 | Create | Villager (Male) |
| 4:04 | Create | Villager (Male) |
| 4:04 | Create | Villager (Male) |
| 4:04 | Create | Villager (Male) |
| 4:11 | Build | House |
| 4:31 | Create | Villager (Male) |
| 4:32 | Create | Villager (Male) |
| 4:32 | Create | Villager (Male) |
| 4:47 | Build | Mill |
| 5:05 | Create | Villager (Male) |
| 5:05 | Create | Villager (Male) |
| 5:22 | Create | Villager (Male) |
| 5:22 | Create | Villager (Male) |
| 5:22 | Create | Villager (Male) |
| 5:56 | Create | Villager (Male) |
| 5:56 | Create | Villager (Male) |
| 6:20 | Build | Lumber Camp |
| 6:49 | Create | Villager (Male) |
| 6:50 | Create | Villager (Male) |
| 6:50 | Create | Villager (Male) |
| 6:52 | Build | House |
| 7:21 | Research | Loom |
| 8:17 | Create | Villager (Male) |
| 8:17 | Create | Villager (Male) |
| 10:27 | Research | Feudal Age |
| 10:37 | Build | Farm |
| 10:39 | Build | Farm |
| 10:41 | Build | Farm |
| 10:44 | Build | Farm |
| 11:17 | Build | Mining Camp |
| 11:40 | Build | Farm |
| 12:27 | Build | Barracks |
| 12:37 | Age | Feudal Age |
| 12:38 | Create | Villager (Male) |
| 12:38 | Create | Villager (Male) |
| 12:40 | Create | Villager (Male) |
| 12:43 | Build | House |
| 12:51 | Create | Villager (Male) |
| 12:52 | Create | Villager (Male) |
| 12:52 | Create | Villager (Male) |
| 13:48 | Build | Market |
| 14:00 | Build | House |
| 14:01 | Create | Villager (Male) |
| 14:02 | Create | Villager (Male) |
| 14:22 | Research | Wheelbarrow |
| 15:04 | Build | Blacksmith |
| 15:25 | Build | House |
| 15:36 | Create | Trade Cart |
| 15:42 | Build | Farm |
| 16:10 | Build | Farm |
| 16:49 | Build | Stable |
| 17:23 | Research | Castle Age |
| 17:45 | Build | House |
| 17:46 | Build | House |
| 18:13 | Research | Double-Bit Axe |
| 19:22 | Build | Farm |
| 19:38 | Build | Farm |
| 19:39 | Build | Farm |
| 19:47 | Create | Trade Cart |
| 19:47 | Create | Trade Cart |
| 19:53 | Create | Villager (Male) |
| 19:54 | Create | Villager (Male) |
| 19:54 | Create | Villager (Male) |
| 19:54 | Create | Villager (Male) |
| 19:55 | Create | Villager (Male) |
| 19:55 | Create | Villager (Male) |
| 19:57 | Create | Villager (Male) |
| 19:57 | Create | Villager (Male) |
| 20:03 | Age | Castle Age |
| 20:10 | Build | Town Center |
| 20:35 | Research | Husbandry |
| 20:37 | Create | Knight |
| 20:37 | Create | Knight |
| 20:38 | Create | Knight |
| 20:48 | Build | Farm |
| 21:05 | Build | Farm |
| 21:10 | Create | Knight |
| 21:10 | Create | Knight |
| 21:10 | Create | Knight |
| 21:27 | Build | Farm |
| 21:36 | Create | Villager (Male) |
| 21:37 | Create | Villager (Male) |
| 21:54 | Build | Town Center |
| 22:02 | Create | Knight |
| 22:03 | Create | Knight |
| 22:03 | Create | Knight |
| 22:03 | Create | Knight |
| 22:30 | Build | Farm |
| 22:39 | Research | Scale Barding Armor |
| 22:46 | Build | Farm |
| 22:53 | Build | Farm |
| 22:54 | Create | Villager (Male) |
| 22:54 | Create | Villager (Male) |
| 23:12 | Create | Villager (Male) |
| 23:12 | Create | Villager (Male) |
| 23:12 | Create | Villager (Male) |
| 23:23 | Build | Farm |
| 23:35 | Create | Knight |
| 23:35 | Create | Knight |
| 23:35 | Create | Knight |
| 23:47 | Build | Farm |
| 23:49 | Create | Villager (Male) |
| 23:50 | Create | Villager (Male) |
| 24:11 | Build | Farm |
| 24:20 | Build | Farm |
| 24:21 | Create | Villager (Male) |
| 24:21 | Create | Villager (Male) |
| 24:21 | Create | Villager (Male) |
| 24:22 | Create | Villager (Male) |
| 24:22 | Create | Villager (Male) |
| 24:30 | Create | Villager (Male) |
| 24:30 | Create | Villager (Male) |
| 24:30 | Create | Villager (Male) |
| 24:37 | Build | Farm |
| 24:41 | Build | Farm |
| 24:43 | Create | Villager (Male) |
| 24:44 | Create | Villager (Male) |
| 24:44 | Create | Villager (Male) |
| 24:50 | Build | House |
| 24:52 | Build | House |
| 24:53 | Build | House |
| 24:59 | Create | Knight |
| 24:59 | Create | Knight |
| 25:00 | Create | Knight |
| 25:04 | Build | Farm |
| 25:21 | Build | Farm |
| 25:33 | Research | Forging |
| 25:38 | Build | Farm |
| 25:48 | Create | Knight |
| 25:49 | Create | Knight |
| 25:49 | Create | Knight |
| 26:57 | Create | Villager (Male) |
| 26:58 | Create | Villager (Male) |
| 26:58 | Create | Villager (Male) |
| 26:59 | Create | Villager (Male) |
| 26:59 | Create | Villager (Male) |
| 26:59 | Create | Villager (Male) |
Build order — pROBLEMO
First 150 of 330 actions detected
| 0:16 | Build | Palisade Wall |
| 0:21 | Research | Loom |
| 0:22 | Create | Villager (Male) |
| 0:22 | Create | Villager (Male) |
| 0:23 | Create | Villager (Male) |
| 0:23 | Create | Villager (Male) |
| 0:29 | Build | House |
| 0:29 | Build | House |
| 1:33 | Build | Palisade Gate |
| 2:18 | Build | Palisade Wall |
| 3:15 | Build | Palisade Gate |
| 3:24 | Create | Villager (Male) |
| 3:50 | Build | Palisade Wall |
| 4:03 | Create | Villager (Male) |
| 5:17 | Create | Villager (Male) |
| 5:17 | Create | Villager (Male) |
| 5:52 | Create | Villager (Male) |
| 5:53 | Create | Villager (Male) |
| 6:59 | Build | House |
| 7:00 | Build | House |
| 7:02 | Build | House |
| 7:07 | Create | Villager (Male) |
| 7:08 | Create | Villager (Male) |
| 7:37 | Create | Villager (Male) |
| 7:37 | Create | Villager (Male) |
| 8:05 | Create | Villager (Male) |
| 8:21 | Build | Mill |
| 9:10 | Build | Lumber Camp |
| 9:21 | Create | Villager (Male) |
| 9:22 | Create | Villager (Male) |
| 9:22 | Create | Villager (Male) |
| 9:36 | Create | Villager (Male) |
| 9:37 | Create | Villager (Male) |
| 10:22 | Create | Villager (Male) |
| 11:45 | Create | Villager (Male) |
| 11:46 | Create | Villager (Male) |
| 12:07 | Build | Mill |
| 12:12 | Create | Villager (Male) |
| 12:13 | Create | Villager (Male) |
| 12:39 | Build | House |
| 12:40 | Build | House |
| 12:43 | Build | House |
| 12:44 | Build | House |
| 12:54 | Build | Mining Camp |
| 13:14 | Research | Feudal Age |
| 13:40 | Create | Villager (Male) |
| 14:52 | Create | Villager (Male) |
| 14:53 | Create | Villager (Male) |
| 14:53 | Create | Villager (Male) |
| 14:54 | Create | Villager (Male) |
| 14:54 | Create | Villager (Male) |
| 14:54 | Create | Villager (Male) |
| 14:55 | Create | Villager (Male) |
| 15:35 | Create | Villager (Male) |
| 15:41 | Age | Feudal Age |
| 16:15 | Build | Blacksmith |
| 16:25 | Build | Market |
| 16:41 | Build | Mining Camp |
| 19:28 | Research | Castle Age |
| 19:35 | Build | Farm |
| 19:36 | Build | Farm |
| 19:37 | Build | Farm |
| 19:39 | Build | Farm |
| 19:40 | Build | Farm |
| 19:44 | Build | Farm |
| 19:45 | Build | Farm |
| 19:47 | Build | Farm |
| 20:00 | Build | Barracks |
| 20:30 | Build | Stone Wall |
| 20:34 | Build | Gate |
| 20:47 | Research | Wheelbarrow |
| 20:49 | Create | Villager (Male) |
| 20:49 | Create | Villager (Male) |
| 20:50 | Create | Villager (Male) |
| 20:50 | Create | Villager (Male) |
| 21:27 | Research | Stone Mining |
| 21:30 | Research | Horse Collar |
| 21:48 | Research | Double-Bit Axe |
| 22:00 | Research | Gold Mining |
| 22:08 | Age | Castle Age |
| 22:21 | Build | Farm |
| 22:22 | Build | Farm |
| 22:30 | Build | Farm |
| 22:31 | Build | Farm |
| 22:33 | Build | Farm |
| 22:45 | Build | Castle |
| 23:02 | Create | Villager (Male) |
| 23:02 | Create | Villager (Male) |
| 23:18 | Build | Town Center |
| 23:50 | Build | Town Center |
| 23:57 | Create | Villager (Male) |
| 24:07 | Research | Bow Saw |
| 24:20 | Build | Monastery |
| 24:42 | Build | Stone Wall |
| 24:46 | Build | Gate |
| 25:09 | Research | Caravan |
| 25:10 | Create | Trade Cart ×2 |
| 25:15 | Create | Monk |
| 25:20 | Research | Forging |
| 25:20 | Research | Fletching |
| 25:58 | Research | Heavy Plow |
| 26:08 | Create | Unit 1908 ×2 |
| 26:13 | Create | Spearman |
| 26:28 | Build | Siege Workshop |
| 26:37 | Create | Spearman |
| 26:50 | Create | Villager (Male) ×2 |
| 27:17 | Create | Trade Cart |
| 27:28 | Build | Farm |
| 27:30 | Build | Farm |
| 27:32 | Build | Farm |
| 27:44 | Create | Villager (Male) ×5 |
| 28:04 | Create | Spearman ×3 |
| 28:13 | Build | Archery Range |
| 28:18 | Build | Archery Range |
| 28:37 | Build | Castle |
| 28:44 | Research | Pikeman (upgrade) |
| 28:51 | Build | Farm |
| 28:52 | Build | Farm |
| 28:55 | Build | Farm |
| 28:58 | Create | Villager (Male) ×3 |
| 29:18 | Create | Villager (Male) ×3 |
| 29:58 | Build | Palisade Gate |
| 30:14 | Create | Trade Cart |
| 30:15 | Create | Trade Cart |
| 30:22 | Research | Iron Casting |
| 30:23 | Research | Scale Mail Armor |
| 30:34 | Build | Mining Camp |
| 30:40 | Build | Farm |
| 30:41 | Build | Farm |
| 30:44 | Create | Villager (Male) ×4 |
| 30:49 | Build | Farm |
| 30:51 | Build | Farm |
| 31:22 | Build | Stone Wall |
| 31:28 | Build | Gate |
| 31:48 | Build | Stable |
| 31:52 | Build | Barracks |
| 31:55 | Create | Iron Pagoda |
| 32:07 | Create | Unit 1911 ×5 |
| 32:08 | Create | Unit 1911 |
| 32:18 | Create | Villager (Male) ×5 |
| 32:19 | Create | Villager (Male) ×5 |
| 32:23 | Build | Farm |
| 32:25 | Build | Farm |
| 32:30 | Build | Farm |
| 32:42 | Build | Farm |
| 32:58 | Build | Lumber Camp |
| 33:10 | Create | Villager (Male) |
| 33:10 | Create | Villager (Male) |
| 33:11 | Create | Villager (Male) |
| 33:16 | Build | Farm |
Match timeline
| 0:16 | pROBLEMO · wall_segment Palisade Wall x13 |
| 1:48 | vondeluc73 · wall_segment Palisade Wall x13 |
| 1:55 | CRN · wall_segment Palisade Wall x11 |
| 2:18 | pROBLEMO · wall_segment Palisade Wall x17 |
| 3:50 | pROBLEMO · wall_segment Palisade Wall x17 |
| 4:30 | vondeluc73 · wall_segment Palisade Wall x7 |
| 12:27 | CRN · age_up feudal |
| 12:27 | peyton off the goop · first_building Barracks |
| 12:37 | peyton off the goop · age_up feudal |
| 13:12 | CRN · wall_segment Stone Wall x22 |
| 13:55 | vondeluc73 · age_up feudal |
| 13:59 | CRN · first_building Barracks |
| 15:00 | peyton off the goop · first_market_buy 100 wood |
| 15:41 | pROBLEMO · age_up feudal |
| 16:49 | peyton off the goop · first_building Stable |
| 17:14 | CRN · first_building Archery Range |
| 17:18 | CRN · first_building Stable |
| 17:21 | peyton off the goop · first_market_sell 100 wood |
| 18:03 | vondeluc73 · first_market_sell 100 stone |
| 18:07 | vondeluc73 · first_market_buy 100 food |
| 20:00 | pROBLEMO · first_building Barracks |
| 20:03 | peyton off the goop · age_up castle |
| 20:17 | CRN · age_up castle |
| 20:30 | pROBLEMO · wall_segment Stone Wall x13 |
| 21:25 | vondeluc73 · age_up castle |
| 22:08 | pROBLEMO · age_up castle |
| 22:45 | pROBLEMO · first_building Castle |
| 24:20 | pROBLEMO · first_building Monastery |
| 24:26 | CRN · first_building Castle |
| 24:42 | pROBLEMO · wall_segment Stone Wall x11 |
| 25:28 | vondeluc73 · first_building Castle |
| 26:28 | pROBLEMO · first_building Siege Workshop |
| 26:58 | CRN · first_building Monastery |
| 27:12 | peyton off the goop · first_building Monastery |
| 27:37 | vondeluc73 · first_building Monastery |
| 28:13 | pROBLEMO · first_building Archery Range |
| 29:31 | vondeluc73 · wall_segment Stone Wall x9 |
| 31:22 | pROBLEMO · wall_segment Stone Wall x15 |
| 31:48 | pROBLEMO · first_building Stable |
| 33:06 | CRN · wall_segment Stone Wall x10 |
| 34:29 | peyton off the goop · first_building Siege Workshop |
| 34:31 | pROBLEMO · wall_segment Stone Wall x16 |
| 34:58 | peyton off the goop · age_up imperial |
| 35:56 | CRN · wall_segment Stone Wall x19 |
| 36:07 | peyton off the goop · first_building Castle |
| 36:44 | vondeluc73 · first_building Siege Workshop |
| 36:45 | CRN · first_market_buy 100 food |
| 37:46 | vondeluc73 · age_up imperial |
| 40:01 | CRN · age_up imperial |
| 43:43 | pROBLEMO · age_up imperial |
| 48:14 | vondeluc73 · wall_segment Stone Wall x6 |
| 52:39 | vondeluc73 · first_building Barracks |
| 54:15 | vondeluc73 · first_building Stable |
| 58:57 | vondeluc73 · resign |
[ AI ANALYSIS · 1 CREDIT ]
What really happened in this match?
Wolo.gg analyzes every decision: build order, eco, micro, common mistakes by bracket. Personalized analysis on WhatsApp or Discord in 30 seconds.
Civ guide
Teutons
Perfil
Jugador #11244641